 Dungeon Crawl Stone Soup version 0.30-a0-760-g5a9884bb7c (webtiles) character file.

Game seed: 4422106277200389838

73810 iguanaiguana the Basher (level 15, -3/103 HPs)
             Began as a Mummy Fighter on Feb 10, 2023.
             Was the Champion of Hepliaklqana.
             Slain by a sixfirhy (11 damage)
             ... summoned by an orc high priest
             ... on level 2 of the Orcish Mines on Feb 11, 2023.
             The game lasted 01:41:40 (24994 turns).

iguanaiguana the Basher (Mummy Fighter)            Turns: 24994, Time: 01:41:41

Health: -3/103     AC: 21    Str: 25    XL:     15   Next: 5%
Magic:  21/21      EV: 12    Int:  9    God:    Hepliaklqana [******]
Gold:   734        SH:  7    Dex: 12    Spells: 14/14 levels left

rFire   x . .      SeeInvis .    p - +3 demon whip (venom)
rCold   + . .      Faith    +    Q - +2 buckler
rNeg    + + +      Spirit   .    b - +0 plate armour
rPois   ∞          Reflect  .    w - +1 helmet
rElec   .          Harm     .    (no cloak)
rCorr   .          Rampage  .    x - +2 pair of gloves
Will    +....                    f - +0 pair of boots Stlth
                                 (no amulet)
HPRegen 0.37/turn                n - +5 ring of evasion
MPRegen 0.17/turn                L - +4 ring of slaying

@: about to teleport, very slow
A: reduced essence, cold resistance 1, negative energy resistance 3, torment
resistance 2, heat vulnerability 1, in touch with death 2, no potions, faith
a: Renounce Religion, Recall Ancestor, Ancestor Identity, Transference, Idealise


You were on level 2 of the Orcish Mines.
You worshipped Hepliaklqana.
Hepliaklqana was exalted by your worship.
You visited 4 branches of the dungeon, and saw 19 of its levels.
You also visited: Ice Cave.

You collected 1950 gold pieces.
You spent 1216 gold pieces at shops.

Inventory:

Hand Weapons
 p - a +3 demon whip of venom (weapon)
Missiles
 i - 2 atropa-tipped darts
 j - 19 poisoned darts
 k - 10 boomerangs (quivered)
 u - 3 boomerangs of dispersal
 y - 3 curare-tipped darts
 B - 4 silver boomerangs
 K - 2 throwing nets
 O - 4 javelins
Armour
 a - a +0 tower shield
 b - a +0 plate armour (worn)
 f - a +0 pair of boots (worn)
 w - a +1 helmet (worn)
 x - a +2 pair of gloves (worn)
 C - the +0 plate armour "Vetifiky" {Harm rN+++ Str+7 Int-2}
   (You bought it in a shop on level 1 of the Orcish Mines)

   Str:       It affects your strength (+7).
   Int:       It affects your intelligence (-2).
   rN:        It renders you almost immune to negative energy.
   Harm:      It increases damage dealt and taken.
 Q - a +2 buckler (worn)
Jewellery
 h - a +6 ring of intelligence
 m - a ring of wizardry
 n - a +5 ring of evasion (left hand)
 r - a ring of wizardry
 t - a ring of fire
 v - a ring of flight
 E - a ring of willpower
 L - a +4 ring of slaying (right hand)
Wands
 z - a wand of paralysis (2)
 F - a wand of digging (7) {@v3}
 I - a wand of quicksilver (4)
Scrolls
 e - 4 scrolls of immolation
 g - a scroll of teleportation {@r3}
 l - 5 scrolls of identify {@r1}
 D - 3 scrolls of fog
 G - 4 scrolls of blinking {@r4}
 H - 2 scrolls of torment
 J - 2 scrolls of noise
 N - a scroll of amnesia
 P - a scroll of magic mapping {@r5}
 R - a scroll of vulnerability
Miscellaneous
 d - a condenser vane
 q - a phial of floods (inert)
 s - a phantom mirror (inert)
 A - a box of beasts
 M - a lightning rod (4/4)


   Skills:
 - Level 10.0 Fighting
 - Level 12.0 Maces & Flails
 - Level 6.0 Polearms
 + Level 9.9 Throwing
 - Level 8.5 Armour
 - Level 5.0 Shields
 - Level 8.0 Invocations
 - Level 8.0 Evocations


You had 14 spell levels left.
You didn't know any spells.
Your spell library contained the following spells:

 Spells                   Type           Power      Damage    Failure   Level
 Ensorcelled Hibernation  Hex/Ice        0%         N/A       100%        2
 Anguish                  Hex/Necr       0%         N/A       100%        4
 Iskenderun's Battlesphe  Conj           0%         2d6       100%        5
 Iron Shot                Conj/Erth      0%         9d1       100%        6
 Spellforged Servitor     Conj/Summ      0%         N/A       100%        7
 Beastly Appendage        Tmut           Unusable   N/A       N/A         1
 Wereblood                Tmut           Unusable   N/A       N/A         2
 Spider Form              Tmut/Pois      Unusable   N/A       N/A         3

Dungeon Overview and Level Annotations

Branches:
Dungeon (11/15) Zot: 24613  Temple (1/1) D:6 Zot: 5985    Lair (5/5) D:8 Zot: 21564
 Shoals (0/4) Lair:2        Snake (0/4) Lair:3        Slime (0/5) Lair:4
    Orc (2/2) D:11 Zot: 9906     Elf (0/3) Orc:2         IceCv (visited)

Altars:
Ashenzari
Cheibriados
Dithmenos
Fedhas
Gozag
Hepliaklqana
Kikubaaqudgha
Makhleb
Nemelex Xobeh
Okawaru
Qazlal
Ru
Sif Muna
Trog
Uskayaw
Vehumet
Wu Jian
Xom
Yredelemnul
Jiyva

Shops:
D:9 [   Orc:1 *   Orc:2 [

Annotations:
D:2 Sigmund
D:3 3 runed translucent doors, exclusion: 3 doors, Dodorex895's ghost, amateur MfGl; Grinder; bchevrier's ghost, amateur GnWn; sircluck's ghost, amateur SpHu; sircluck's ghost, weakling TrFi
D:5 exclusions: orc wizard and 2 more exclusions
D:10 exclusion: 2 electric eels
Lair:1 exclusions: 4 electric eels, plant and 2 more exclusions
Lair:4 2 transporters, exclusion: downstairs
Lair:5 2 runed translucent doors, exclusion: 2 doors
Orc:2 1 exclusion


Innate Abilities, Weirdness & Mutations

Your life essence is reduced to manifest your ancestor. (-10% HP)
You are immune to poison.
Your flesh is cold resistant. (rC+)
You are immune to negative energy. (rN+++)
You are immune to unholy pain and torment.
You are vulnerable to heat. (rF-)
You are strongly in touch with the powers of death.
You do not drink.
You have a special connection with the divine. (Faith)


Message History

Aim: a sixfirhy (summoned, 42% to hit)
The bolt of dispelling energy misses the sixfirhy.
Aiming: Quicksilver Bolt
Press: ? - help, Shift-Dir - straight line, f/p - sixfirhy
Aim: a sixfirhy (summoned, 42% to hit)
Okay, then.
You barely miss the sixfirhy.
Okay, then.
Okay, then.
Aim the phial where?
Press: ? - help, Shift-Dir - straight line, f - orc priest, p - sixfirhy
Aim: an orc priest, wielding a +0 whip The torrent of water misses the sixfirhy.
The torrent of water hits the orc high priest!!
The orc high priest is heavily wounded.
The orc high priest is knocked back by the torrent of water.
The orc high priest collides with the orc priest!
The orc priest is heavily wounded.
The orc high priest is heavily wounded.
The wave splashes down.
Splash!
You fall into the shallow water.
Moving in this stuff is going to be slow.
The orc priest is engulfed in water.
The orc high priest is engulfed in water.
The sixfirhy is engulfed in water.
You hear a shout! x2
The sixfirhy hits you.
* * * LOW HITPOINT WARNING * * *
The sixfirhy shocks you!
* * * LOW HITPOINT WARNING * * *
Aiming: Quicksilver Bolt
Press: ? - help, Shift-Dir - straight line, f - orc high priest
Aim: an orc high priest, wielding a +0 war axe (heavily wounded, waterlogged, 67% to hit)
The bolt of dispelling energy hits the sixfirhy!!
The sixfirhy is heavily wounded.
The bolt of dispelling energy misses the orc high priest.
The sixfirhy hits you!
* * * LOW HITPOINT WARNING * * *
The sixfirhy shocks you!
You die...

............#####......# ##(..##
...#........#...#......## #8...8#
............#._.#.##.#..###.))).#
#########...#...#..#.3....##)''##
#.8....##..)###'#...o.....()o....
#∩......#...).)~.......o..o)8.8.#
#.8.....#.##).~o.#.#...#..o....##
#####.._#.###~~3###...###)......#
#)..#)..#.# ##~~@##...##)#.......
')8.))).#.# ##.####..o)..#.###.#
#...#.)##.# ### ##..##.#### ##
#########.# ### #...#...#
..........# ##.####.###.##
......#...####....#### ###
......##.###........##
.........R...........####
.............###........#


You could see an orc high priest (waterlogged) and a sixfirhy (summoned,
waterlogged).

Vanquished Creatures
  Gastronok (D:10)
  An orc warlord (Orc:2)
  Snorg (Lair:4)
  Josephine (Lair:3)
  2 hydras
  2 two-headed ogres
  8 death yaks
  An orc high priest (Orc:2)
  A lindwurm (Lair:5)
  An orc knight (Orc:2)
  A cyclops (D:11)
  An orc sorcerer (Orc:2)
  3 merfolk sirens (Lair:2)
  A salamander (Lair:3)
  2 centaur zombies (D:10)
  23 elephants
  6 black mambas
  3 molten gargoyles (Lair:5)
  A torpor snail (Lair:1)
  9 cane toads
  6 komodo dragons
  An orange demon (D:8)
  An unseen horror zombie (D:10)
  A kobold demonologist (D:11)
  A rime drake (Lair:5)
  An ice devil (IceCv)
  2 trolls
  A merfolk (Lair:2)
  4 polar bears
  5 blink frogs
  A meliai zombie (D:10)
  A shadow (D:11)
  3 centaur simulacra (D:10)
  5 wraiths
  36 yaks
  9 wyverns
  An unseen horror simulacrum (D:10)
  A death yak simulacrum (IceCv)
  3 steam dragons
  4 vampire mosquitoes (D:11)
  3 wargs
  2 hell hounds (Lair:5)
  11 water moccasins
  16 orc warriors
  5 ice beasts
  2 black bears
  An ogre (D:4)
  4 wolves
  2 phantoms
  2 centaurs
  2 kobold brigands
  3 necrophages
  3 scorpions
  5 bullfrogs
  A two-headed ogre simulacrum (IceCv)
  2 cane toad simulacra (IceCv)
  A water moccasin zombie (D:3)
  2 wights (D:10)
  14 killer bees
  3 howler monkeys
  11 jellies
  5 lava snakes
  4 hounds
  A human zombie (D:10)
  11 orc priests
  5 iguanas
  12 orc wizards
  5 hell rats (Lair:5)
  A troll simulacrum (IceCv)
  A polar bear simulacrum (IceCv)
  A wolf simulacrum (IceCv)
  A mummy (D:10)
  7 adders
  4 gnolls (D:5)
  A shadow imp (D:6)
  4 white imps
  An ufetubus (D:9)
  An adder zombie (D:3)
  2 worms
  2 dart slugs
  51 orcs
  5 ball pythons
  12 endoplasms
  A giant cockroach (D:4)
  2 goblins (D:1)
  8 hobgoblins
  3 jackals (D:1)
  9 kobolds
  5 quokkas
  A ball python zombie (D:3)
  3 bats
  3 frilled lizards (D:1)
  A jackal zombie (D:3)
  2 rats
426 creatures vanquished.

Vanquished Creatures (collateral kills)
  An ettin (Orc:2)
  Harold (Lair:2)
  A hydra (Lair:5)
  2 two-headed ogres (D:9)
  2 boulder beetles
  3 death yaks (D:8)
  Sonja (Lair:1)
  Amaemon (D:8)
  A lindwurm (Lair:5)
  An orc knight (Orc:2)
  An orc sorcerer (Orc:2)
  4 elephants
  A black mamba (Lair:5)
  A centaur zombie (D:10)
  Joseph (D:10)
  5 cane toads
  A kobold demonologist (D:10)
  2 rime drakes (Lair:5)
  2 komodo dragons
  3 ice devils (IceCv)
  4 trolls
  7 blink frogs
  A shadow (D:9)
  A wyvern (D:9)
  6 basilisks
  An unseen horror simulacrum (D:10)
  16 yaks
  A warg (Orc:2)
  2 hell hounds (Lair:5)
  5 water moccasins
  4 ice beasts
  8 orc warriors
  4 ogres (Orc:2)
  2 wolves
  2 kobold brigands (D:10)
  3 bullfrogs
  A necrophage (D:10)
  2 cane toad simulacra (IceCv)
  A two-headed ogre simulacrum (IceCv)
  2 wights (D:10)
  An elephant simulacrum (IceCv)
  6 killer bees
  2 jellies (Lair:4)
  2 lava snakes
  9 orc priests
  10 orc wizards
  A polar bear simulacrum (IceCv)
  A naga simulacrum (IceCv)
  An ufetubus (D:10)
  30 orcs
  An endoplasm (Lair:4)
  8 kobolds
180 creatures vanquished.

Vanquished Creatures (others)
  A killer bee (D:10)
  9 knights
  3 ancestors (D:8)
  A kobold zombie (D:6)
  A bush (Lair:5)
  19 fungi
  58 plants
  2 withered plants (D:3)
94 creatures vanquished.

Grand Total: 700 creatures vanquished

Notes
Turn   | Place    | Note
-------+----------+-------------------------------------------
     0 | D:1      | iguanaiguana the Mummy Fighter began the quest for the Orb.
     0 | D:1      | Reached XP level 1. HP: 18/18 MP: 1/1
   132 | D:1      | Reached XP level 2. HP: 24/24 MP: 2/2
   621 | D:1      | Gained mutation: You are in touch with the powers of death.
                  | [Mummy growth]
   621 | D:1      | Reached XP level 3. HP: 28/29 MP: 3/3
   731 | D:2      | Noticed Sigmund
   890 | D:3      | Noticed Grinder
  1132 | D:2      | Reached XP level 4. HP: 30/35 MP: 4/4
  1330 | D:3      | Found a runed translucent gate.
  1330 | D:3      | Noticed Dodorex895's ghost (amateur MfGl)
  1331 | D:3      | Found a runed translucent gate.
  1331 | D:3      | Found a runed translucent gate.
  1331 | D:3      | Noticed bchevrier's ghost (amateur GnWn)
  1331 | D:3      | Noticed sircluck's ghost (weakling TrFi)
  1331 | D:3      | Noticed sircluck's ghost (amateur SpHu)
  1693 | D:3      | Reached XP level 5. HP: 28/41 MP: 5/5
  1758 | D:3      | Noticed a centaur
  1775 | D:3      | Killed a centaur
  1776 | D:3      | Reached skill level 5 in Polearms
  1902 | D:3      | You fall into a shaft and drop 1 floor!
  2064 | D:4      | Noticed Edmund
  2079 | D:5      | Entered Level 5 of the Dungeon
  2179 | D:5      | Noticed an ice beast
  2224 | D:5      | Killed an ice beast
  2225 | D:5      | Reached XP level 6. HP: 32/47 MP: 6/6
  2424 | D:5      | Reached skill level 1 in Throwing
  2500 | D:5      | Reached XP level 7. HP: 47/52 MP: 7/7
  2720 | D:5      | Found a shimmering blue altar of Sif Muna.
  3485 | D:5      | Reached skill level 5 in Fighting
  3773 | D:4      | Reached skill level 1 in Evocations
  4011 | D:4      | Reached XP level 8. HP: 61/62 MP: 8/8
  4612 | D:4      | Edmund changed into Edmund the scorpion
  4612 | D:4      | Noticed Edmund
  4620 | D:4      | Killed Edmund the scorpion
  5449 | D:6      | Found a staircase to the Ecumenical Temple.
  5479 | Temple   | Entered the Ecumenical Temple
  5486 | Temple   | Became a worshipper of Hepliaklqana the Forgotten
  5586 | D:6      | Reached skill level 5 in Shields
  5889 | D:6      | Found an ornate altar of the Wu Jian Council.
  5982 | D:6      | Found a stormy altar of Qazlal.
  5986 | D:6      | Reached skill level 1 in Invocations
  6031 | D:6      | Found a bloodstained altar of Trog.
  6042 | D:6      | Found a radiant altar of Vehumet.
  6541 | D:7      | Reached * piety under Hepliaklqana
  6701 | D:7      | Reached XP level 9. HP: 56/61 MP: 11/11
  6946 | D:8      | Noticed Amaemon
  6946 | D:8      | Noticed an orange demon
  6955 | D:8      | Killed an orange demon
  6956 | D:8      | Reached skill level 2 in Maces & Flails
  6963 | D:8      | Killed Amaemon
  6964 | D:8      | Reached skill level 4 in Maces & Flails
  7461 | D:7      | Reached skill level 5 in Maces & Flails
  7971 | D:7      | Reached skill level 6 in Maces & Flails
  8028 | D:8      | Found a shadowy altar of Dithmenos.
  8110 | D:8      | Noticed a death yak
  8110 | D:8      | Noticed a death yak
  8110 | D:8      | Noticed a death yak
  8110 | D:8      | Noticed a death yak
  8110 | D:8      | Noticed a death yak
  8110 | D:8      | Noticed a death yak
  8307 | D:9      | Reached ** piety under Hepliaklqana
  8308 | D:9      | Remembered your ancestor birb as a knight
  8361 | D:9      | Noticed a troll
  8368 | D:9      | Killed a troll
  8395 | D:9      | Noticed a two-headed ogre
  8403 | D:9      | Killed a two-headed ogre
  8404 | D:9      | Reached skill level 7 in Maces & Flails
  8404 | D:9      | Reached XP level 10. HP: 66/66 MP: 12/12
  8620 | D:9      | Reached skill level 8 in Maces & Flails
  8862 | D:9      | Noticed a two-headed ogre
  8869 | D:9      | Killed a two-headed ogre
  8870 | D:9      | Reached skill level 5 in Evocations
  8933 | D:9      | Found Haunwiah's Antique Armour Emporium.
  8947 | D:9      | Bought a shiny helmet for 202 gold pieces
  8947 | D:9      | Bought a pair of embroidered gloves for 202 gold pieces
  9116 | D:10     | Entered Level 10 of the Dungeon
  9487 | D:10     | Noticed Joseph
  9584 | D:10     | Reached skill level 9 in Maces & Flails
  9639 | D:10     | Reached XP level 11. HP: 71/71 MP: 13/13
  9667 | D:10     | Reached *** piety under Hepliaklqana
  9762 | D:10     | Killed Joseph
  9763 | D:10     | Noticed Gastronok
 10037 | D:10     | Noticed a two-headed ogre
 10063 | D:10     | Killed a two-headed ogre
 10290 | D:10     | Reached skill level 10 in Maces & Flails
 10648 | D:10     | Killed Gastronok
 10783 | D:10     | Reached skill level 11 in Maces & Flails
 10874 | D:10     | Found a basalt altar of Yredelemnul.
 11103 | D:11     | Noticed a boulder beetle
 11115 | D:11     | Killed a boulder beetle
 11157 | D:11     | Found a frozen archway.
 11190 | IceCv    | Entered an ice cave
 11491 | IceCv    | Reached skill level 12 in Maces & Flails
 11748 | D:11     | Reached XP level 12. HP: 66/77 MP: 14/14
 11978 | D:11     | Found a staircase to the Orcish Mines.
 12035 | D:11     | Reached **** piety under Hepliaklqana
 12889 | Orc:1    | Entered Level 1 of the Orcish Mines
 13004 | Orc:1    | Found Jitilo Bock's Assorted Antiques.
 13064 | Orc:2    | Entered Level 2 of the Orcish Mines
 13487 | Orc:2    | Noticed an ettin
 13491 | Orc:2    | Killed an ettin
 13948 | Orc:1    | Reached skill level 5 in Invocations
 14291 | Orc:1    | Bought a fine plate armour for 812 gold pieces
 14291 | Orc:1    | Identified the +0 plate armour "Vetifiky" {Harm rN+++ Str+7
                  | Int-2} (You bought it in a shop on level 1 of the Orcish
                  | Mines)
 14636 | D:8      | Noticed a death yak
 14649 | D:8      | Killed a death yak
 14653 | D:8      | Killed a death yak
 14655 | D:8      | Killed a death yak
 14656 | D:8      | Killed a death yak
 14658 | D:8      | Killed a death yak
 14660 | D:8      | Killed a death yak
 14662 | D:8      | Killed a death yak
 14812 | D:8      | Found a staircase to the Lair.
 14817 | D:8      | Identified the +0 robe "Teacvol" {Harm Regen+}
 15230 | Lair:1   | Entered Level 1 of the Lair of Beasts
 15442 | D:8      | Gained mutation: You are strongly in touch with the powers
                  | of death. [Mummy growth]
 15442 | D:8      | Reached XP level 13. HP: 62/86 MP: 17/19
 15513 | D:8      | Upgraded the game from 0.30-a0-757-ga6a79fd877 to
                  | 0.30-a0-760-g5a9884bb7c
 15532 | Lair:1   | Reached ***** piety under Hepliaklqana
 15607 | Lair:1   | Noticed Sonja
 15791 | Lair:1   | Killed Sonja
 17268 | Lair:2   | Reached skill level 10 in Fighting
 17563 | Lair:2   | Found a staircase to the Shoals.
 17570 | Lair:2   | Reached skill level 5 in Armour
 17830 | Lair:2   | Noticed Harold
 17847 | Lair:2   | Killed Harold
 17966 | Lair:2   | Identified the +1 shortbow "Loh Fel" {drain, +Blink rPois
                  | Will+++ Stlth-}
 19171 | Lair:3   | Found a staircase to the Snake Pit.
 19446 | Lair:3   | Noticed Josephine
 19459 | Lair:3   | Killed Josephine
 19466 | Lair:3   | Reached XP level 14. HP: 99/99 MP: 20/20
 19889 | Lair:4   | Reached ****** piety under Hepliaklqana
 20205 | Lair:4   | Found a staircase to the Slime Pits.
 20205 | Lair:4   | Found a viscous altar of Jiyva.
 20410 | Lair:4   | Found a transporter.
 20528 | Lair:4   | Found a transporter.
 21015 | Lair:5   | Entered Level 5 of the Lair of Beasts
 21043 | Lair:5   | Noticed Snorg
 21274 | Lair:4   | Found a viscous altar of Jiyva.
 21351 | Lair:4   | Found a transporter.
 21487 | Lair:4   | Killed Snorg
 21526 | Lair:5   | Reached skill level 5 in Throwing
 23248 | Lair:5   | Identified the +2 robe of the Devil's Advocate {rElec Str+6
                  | Stlth-}
 23636 | Lair:5   | Found a large runed translucent door.
 23647 | Lair:5   | Found a large runed translucent door.
 24498 | Orc:2    | Found a staircase to the Elven Halls.
 24675 | Orc:2    | Found Rashriff's Antique Armour Shoppe.
 24945 | Orc:2    | Reached XP level 15. HP: 98/103 MP: 21/21
 24994 | Orc:2    | Slain by a sixfirhy

Illustrated notes

Levels and vault maps discovered:
D:1:      psy_arrival_basics, layout_basic
D:2:      layout_basic, uniq_sigmund
D:3:      layout_loops_ring, gammafunk_ghost_cemetery, serial_undead,
          serial_undead_b, serial_undead_d, serial_undead_a, serial_undead_a,
          hex_tiny, hangedman_decor_lopped, uniq_grinder
D:4:      layout_basic, uniq_edmund
D:5:      layout_loops_ring, led_sif_book, sigmund_army
D:6:      layout_basic, nicolae_overflow_quartered_altars,
          minmay_temple_entry_arrows
D:7:      layout_cave_pools
D:8:      layout_basic, kennysheep_mini, dpeg_lair_monsters, eino_jars,
          uniq_amaemon
D:9:      layout_irregular_city, serial_shops, shop
D:10:     layout_rooms, lemuel_mausoleum_altar_yredelemnul, serial_ice,
          serial_ice_j, serial_ice_o, serial_ice_b, serial_ice_h, serial_ice_n,
          serial_ice_g, uniq_gastronok, uniq_joseph
D:11:     layout_layer_cave, orc_0_dummy, portal_ice_cave_entry_pillars_1
Temple:   nicolae_temple_no_exploring_needed
Lair:1:   layout_regular_city, serial_bayou_pond_c, minivault_24,
          serial_bayou_shore_b, uniq_sonja
Lair:2:   layout_hall_layers, elwin_shoals_entry_stream, grunt_megastairs_2,
          uniq_harold
Lair:3:   layout_regular_city, nicolae_snake_entry_warm_welcome, uniq_josephine
Lair:4:   gammafunk_cloud_chamber, layout_cave_shapes,
          minmay_slime_entry_jelly_boxes, infiniplex_staircase_pool,
          lemuel_fruit_fields, serial_bayou_shore_b
Lair:5:   cheibrodos_lair_end_hotspot, layout_regular_city,
          nicolae_lair_grazing_beasts [nicolae_sub_lair_graze_edge,
          nicolae_sub_lair_graze_edge, nicolae_sub_lair_graze_edge,
          nicolae_sub_lair_graze_edge], uniq_snorg
Orc:1:    layout_diamond_mine, serial_shops, shop
Orc:2:    grunt_orc_community_town_hall, layout_caves,
          grunt_orc_community_big_house_2, grunt_orc_community_big_house_2,
          grunt_orc_community_house_3, grunt_orc_community_house_3,
          grunt_orc_community_house_2, grunt_orc_community_house_2,
          grunt_orc_community_house_1, grunt_orc_community_house_2, basic_altar

Skill      XL: |  1  2  3  4  5  6  7  8  9 10 11 12 13 14 |
---------------+-------------------------------------------+-----
Polearms       | 2 3 4 5 6 |  6.0
Throwing       | 1 2 9 |  9.9
Fighting       | 5 7 10 | 10.0
Evocations     | 2 3 6 8 |  8.0
Shields        | 5 |  5.0
Invocations    | 3 8 |  8.0
Armour         | 3 8 |  8.5
Maces & Flails | 7 9 12 | 12.0

Action                     |  1- 3 |  4- 6 |  7- 9 | 10-12 | 13-15 || total
---------------------------+-------+-------+-------+-------+-------++-------
  Melee: Trident           |   108 |   144 |   279 |       |       ||   531
         Demon whip        |       |       |    36 |   608 |   840 ||  1484
         Dagger            |       |       |     2 |       |       ||     2
  Throw: Dart              |       |     9 |    13 |    57 |   167 ||   246
         Boomerang         |       |       |     7 |    16 |    60 ||    83
 Invoke: Recall Ancestor   |       |       |     7 |    18 |    10 ||    35
         Ancestor Identity |       |       |     1 |       |       ||     1
         Ancestor Life: Kn |       |       |     1 |       |       ||     1
         Idealise          |       |       |       |     2 |       ||     2
  Evoke: Wand              |       |       |     4 |     3 |    10 ||    17
         Condenser vane    |       |       |       |     2 |     2 ||     4
         Phial of floods   |       |       |       |     1 |     1 ||     2
         Box of beasts     |       |       |       |     1 |       ||     1
         Phantom mirror    |       |       |       |     1 |     2 ||     3
    Use: Scroll            |     5 |     3 |     9 |     4 |    11 ||    32
   Stab: Paralysed         |       |       |       |     7 |       ||     7
         Distracted        |       |       |       |     2 |    11 ||    13
 Armour: Scale mail        |    36 |    57 |    23 |       |       ||   116
         Chain mail        |       |       |    73 |       |       ||    73
         Plate armour      |       |       |    21 |   210 |   294 ||   525
  Dodge: Dodged            |    45 |    56 |   106 |   234 |   228 ||   669
  Block: Buckler           |    18 |    32 |    49 |   108 |   136 ||   343

Table legend: (Time is in decaauts)
 A = Elapsed time spent in this place.
 B = Non-inter-level travel time spent in this place.
 C = Inter-level travel time spent in this place.
 D = Time resting spent in this place.
 E = Time spent auto-exploring this place.
 F = Levels seen in this place.
 G = Mean time per level.
                   A        B        C        D        E       F      G
               +--------+--------+--------+--------+--------+-----+--------+
         Total |  24407 |  23200 |   1207 |   5670 |  10532 |  20 | 1220.3 |
       Dungeon |  13432 |  12622 |    810 |   2993 |   5361 |  11 | 1221.1 |
        Temple |     14 |     14 |      0 |      0 |      0 |   1 |   14.0 |
          Lair |   8435 |   8109 |    326 |   1780 |   4532 |   5 | 1687.0 |
  Orcish Mines |   2092 |   2021 |     71 |    674 |    639 |   2 | 1046.0 |
      Ice Cave |    433 |    433 |      0 |    223 |      0 |   1 |  433.0 |
               +--------+--------+--------+--------+--------+-----+--------+

Top non-repeatable levels by time:
  Lair:5: 2316 daAuts
     D:6: 2076 daAuts
  Lair:4: 1742 daAuts
  Lair:1: 1725 daAuts
     D:9: 1684 daAuts
     D:5: 1641 daAuts
  Lair:2: 1540 daAuts
    D:11: 1406 daAuts
   Orc:2: 1329 daAuts
     D:4: 1292 daAuts
     D:8: 1237 daAuts
    D:10: 1227 daAuts
  Lair:3: 1109 daAuts
     D:7: 927 daAuts
   Orc:1: 762 daAuts
